 Dungeon Crawl Stone Soup version 0.22-a0-525-gf69a080 (webtiles) character file.

1222 BingusPrime the Cutter (level 8, -10/58 HPs)
             Began as a Vampire Gladiator on June 20, 2018.
             Mangled by an orc warrior
             ... wielding a +0 battleaxe
              (13 damage)
             ... on level 6 of the Dungeon.
             The game lasted 00:23:10 (6028 turns).

BingusPrime the Cutter (Vampire Gladiator)          Turns: 6028, Time: 00:23:11

Health: -10/58     AC:  5    Str: 18    XL:     8   Next: 23%
Magic:  0/8        EV: 16    Int: 11    God:
Gold:   325        SH:  0    Dex: 20    Spells: 7/7 levels left

rFire    . . .     SeeInvis +   B - +1 short sword (flame)
rCold    + . .     Gourm    .   (no shield)
rNeg     + + .     Faith    .   r - +2 animal skin
rPois    +         Spirit   +   s - +0 helmet
rElec    .         Reflect  .   (no cloak)
rCorr    .         Harm     .   (no gloves)
MR       .....                  (no boots)
Stlth    ++++......             o - amulet of guardian spirit
HPRegen  0.09/turn              k - +3 ring of dexterity
MPRegen  0.11/turn              (no ring)

@: mighty, regenerating slowly
A: fangs 3, see invisible, unbreathing
a: Bat Form


You were on level 6 of the Dungeon.
You were very thirsty.

You visited 1 branch of the dungeon, and saw 6 of its levels.

You collected 325 gold pieces.

Inventory:

Hand Weapons
 a - a +0 rapier
 q - a +1 dagger of flaming
 u - a +0 war axe of electrocution
 w - a +1 mace of protection
 B - a +1 short sword of flaming (weapon)
Missiles
 d - 3 throwing nets (quivered)
 n - 58 sling bullets
Armour
 b - a +0 leather armour
 c - a +0 helmet
 i - a +0 plate armour
 r - a +2 animal skin (worn)
 s - a +0 helmet (worn)
Jewellery
 k - a +3 ring of dexterity (left hand)
 o - an amulet of guardian spirit (around neck)
 y - an uncursed ring of poison resistance
Wands
 p - a wand of flame (9)
Scrolls
 e - 2 scrolls of enchant weapon {unknown}
 f - a scroll of enchant armour {unknown}
 g - 4 scrolls of remove curse
 j - 2 scrolls of magic mapping
 l - 2 scrolls of teleportation {unknown}
Potions
 h - a potion of magic
 t - 2 potions of curing {unknown}
 x - 2 potions of flight {unknown}
 z - 7 potions of blood
 C - a potion of agility {unknown}
 D - a potion of brilliance {unknown}
Comestibles
 v - 8 rations


   Skills:
 + Level 3.0 Fighting
 * Level 7.3 Short Blades
 + Level 3.9 Axes
 + Level 1.7 Throwing
 + Level 1.7 Armour
 + Level 5.1 Dodging
 + Level 5.1 Stealth


You had 7 spell levels left.
You didn't know any spells.
Your spell library was empty.

Dungeon Overview and Level Annotations

Branches:
Dungeon (6/15)
 Temple: D:4-7

Altars:
Fedhas
Kikubaaqudgha
Xom


Innate Abilities, Weirdness & Mutations

You heal slowly.
You have razor-sharp teeth.
You have supernaturally acute eyesight. (SInv)
You can survive without breathing.


Message History

* * * LOW HITPOINT WARNING * * *
You hit the orc warrior but do no damage.
The orc warrior is severely wounded.
You hit the orc warrior. You burn the orc warrior.
The orc warrior is severely wounded.
The orc warrior barely misses you.
You hit the orc warrior. You burn the orc warrior.
The orc warrior is severely wounded.
You hit the orc warrior but do no damage.
The orc warrior is severely wounded.
The orc warrior hits you with a battleaxe!
* * * LOW HITPOINT WARNING * * *
It was a potion of magic.
Magic courses through your body. The orc warrior closely misses you.
It was a potion of might.
You feel very mighty all of a sudden.
You closely miss the orc warrior.
The orc warrior is severely wounded.
The orc warrior hits you with a battleaxe!!
You die...

# ....#.#.....########.#
## #...#.#.....# #####.#
.# #...........# #.....#
.####..#.#.....# #.....#
...##..#.#.....# #.....#
##.........##### #.....#
#.......###### #...^.#
##.########...#######.###
...# #...oo@.....#
##.##..(((†...#########
#.###.######## ##.# ....
##.# #.# .#


You could see an orc warrior and an orc.

Vanquished Creatures
  Grinder (D:4)
  2 phantoms (D:5)
  A centaur (D:5)
  2 scorpions
  A howler monkey (D:4)
  A crimson imp (D:5)
  A centaur zombie (D:5)
  A hound (D:5)
  A jelly (D:5)
  2 centaur skeletons (D:5)
  2 orc priests
  2 iguanas
  Natasha (twice) (D:2)
  3 worker ants
  A hound skeleton (D:4)
  Robin (D:2)
  4 adders
  3 gnolls
  A shadow imp (D:5)
  An adder skeleton (D:5)
  An adder zombie (D:5)
  5 worms
  2 dart slugs
  3 leopard geckos
  7 orcs
  9 bats
  4 giant cockroaches
  11 hobgoblins
  6 jackals
  7 kobolds
  2 quokkas
  4 frilled lizards
  21 goblins
  2 rats (D:2)
117 creatures vanquished.

Vanquished Creatures (others)
  A human (D:5)
  A fungus (D:2)
2 creatures vanquished.

Grand Total: 119 creatures vanquished

Notes
Turn   | Place    | Note
-------+----------+-------------------------------------------
     0 | D:1      | BingusPrime the Vampire Gladiator began the quest for the Orb.
     0 | D:1      | Reached XP level 1. HP: 16/16 MP: 1/1
   276 | D:1      | Reached XP level 2. HP: 20/22 MP: 2/2
   391 | D:1      | Reached skill level 4 in Short Blades
   860 | D:2      | Reached XP level 3. HP: 24/27 MP: 3/3
  1052 | D:2      | Found a blossoming altar of Fedhas.
  1055 | D:2      | Noticed Natasha
  1106 | D:2      | Killed Natasha
  1106 | D:2      | Reached skill level 1 in Armour
  1106 | D:2      | Reached XP level 4. HP: 11/33 MP: 4/4
  1497 | D:2      | Found a shimmering altar of Xom.
  1499 | D:2      | Found a shimmering altar of Xom.
  1499 | D:2      | Found a sacrificial altar of Ru.
  1501 | D:2      | Found an ornate altar of the Wu Jian Council.
  1501 | D:2      | Found a white marble altar of Elyvilon.
  1501 | D:2      | Found a deep blue altar of Sif Muna.
  1764 | D:2      | Noticed Natasha
  1777 | D:2      | Killed Natasha
  1777 | D:2      | Reached skill level 5 in Short Blades
  1987 | D:2      | Noticed Robin
  2022 | D:2      | Killed Robin
  2281 | D:2      | Reached XP level 5. HP: 38/38 MP: 3/5
  2557 | D:3      | Found a faded altar of an unknown god.
  2971 | D:4      | Reached skill level 1 in Axes
  3846 | D:3      | Reached skill level 1 in Stealth
  3947 | D:4      | Reached XP level 6. HP: 36/44 MP: 6/6
  3983 | D:4      | Noticed Grinder
  4434 | D:4      | Paralysed by Grinder for 5 turns
  4447 | D:4      | Killed Grinder
  4447 | D:4      | Reached XP level 7. HP: 37/51 MP: 4/7
  4715 | D:5      | Entered Level 5 of the Dungeon
  4761 | D:5      | Reached skill level 6 in Short Blades
  4960 | D:5      | Reached XP level 8. HP: 57/57 MP: 8/8
  5018 | D:5      | Reached skill level 7 in Short Blades
  5018 | D:5      | Reached skill level 5 in Dodging
  5206 | D:5      | Found an ancient bone altar of Kikubaaqudgha.
  5562 | D:5      | Reached skill level 5 in Stealth
  6028 | D:6      | Mangled by an orc warrior

Vault maps used:
D:1:      giann_bridges, serial_glass, glass_columns_a, glass_columns_a
D:2:      doesnt_xom_only_xom, fedhas_altar_3, uniq_robin, uniq_natasha
D:3:      chequers_ecumenical_altar_twisty, grunt_ministairs_7,
          hangedman_abyss_or_decor_stabs
D:4:      first_ration, uniq_grinder
D:5:      tgw_kikubaaqudgha

Skill      XL: |  1  2  3  4  5  6  7  8 |
---------------+-------------------------+-----
Short Blades   | 4 5 6 7 |  7.3
Armour         | 1 |  1.7
Fighting       | 2 3 |  3.0
Axes           | 1 3 |  3.9
Stealth        | 1 2 4 5 |  5.1
Dodging        | 4 5 |  5.1
Throwing       | |  1.7

Action                   |  1- 3 |  4- 6 |  7- 9 || total
-------------------------+-------+-------+-------++-------
Melee: Rapier            |   127 |    78 |       ||   205
       Bite              |    13 |    15 |    16 ||    44
       Dagger            |       |    25 |       ||    25
       War axe           |       |    75 |       ||    75
       Short sword       |       |    12 |   126 ||   138
Throw: Throwing net      |     3 |     1 |     1 ||     5
       Javelin           |       |       |    11 ||    11
 Abil: End Transformatio |       |     1 |       ||     1
       Bat Form          |       |     1 |       ||     1
  Use: Scroll            |       |     4 |     1 ||     5
       Potion            |       |     3 |     5 ||     8
 Stab: Sleeping          |       |     4 |    10 ||    14
  Eat: Corpse            |     9 |     1 |       ||    10
Armor: Leather armour    |    20 |       |       ||    20
       Plate armour      |    36 |    43 |       ||    79
       Animal skin       |       |    25 |    19 ||    44
Dodge: Dodged            |    70 |   119 |    71 ||   260

Table legend:
 A = Spawn XP
 B = Non-spawn XP
 C = Spawn XP percentage of total XP
 D = Spawn monster count
 E = Non-spawn monster count
 F = Spawn count percentage of total count
 G = Total turns spent on level
                    A         B        C        D         E        F      G
               +---------+---------+-------+---------+---------+-------+---------
         Total |       0 |    1747 |   0.0 |       0 |     117 |   0.0 |  6028
               +---------+---------+-------+---------+---------+-------+---------
           D:1 |       0 |      33 |   0.0 |       0 |      19 |   0.0 |   824
           D:2 |       0 |     180 |   0.0 |       0 |      42 |   0.0 |  1612
           D:3 |       0 |     128 |   0.0 |       0 |      17 |   0.0 |   995
           D:4 |       0 |     556 |   0.0 |       0 |      10 |   0.0 |  1284
           D:5 |       0 |     806 |   0.0 |       0 |      28 |   0.0 |  1181
           D:6 |       0 |      44 |   0.0 |       0 |       1 |   0.0 |   132
               +---------+---------+-------+---------+---------+-------+---------
